 Dungeon Crawl Stone Soup version 0.21-a0-251-g5e8393f (webtiles) character file.

161552 Gorice the Bludgeoner (level 17, 0/136 HPs)
             Began as a Gnoll Berserker on Sept 3, 2017.
             Was the Champion of Trog.
             Killed from afar by a shock serpent (24 damage)
             ... with a bolt of electricity
             ... on level 3 of the Snake Pit on Sept 5, 2017.
             The game lasted 03:31:27 (49263 turns).

Gorice the Bludgeoner (Gnoll Berserker)            Turns: 49263, Time: 03:31:28

Health: 0/136      AC: 25    Str:  7    XL:     17   Next: 79%
Magic:  0/28       EV: 15    Int:  7    God:    Trog [******]
Gold:   1858       SH:  0    Dex:  7    Spells: 16/16 levels left

rFire    . . .     SeeInvis +   a - +10 great mace of Imminent Death {freeze, +Rage Str-5 SInv Stlth+}
rCold    . . .     Gourm    .   (shield currently unavailable)
rNeg     . . .     Faith    .   Z - +0 swamp dragon scales
rPois    +         Spirit   +   k - +5 helmet "Jeuzacas" {Int+5}
rElec    .         Reflect  .   z - +0 cloak
rCorr    .         Harm     .   g - +0 pair of gloves {Dex+3}
MR       +++..                  W - +0 pair of boots
Stlth    +.........             p - amulet of guardian spirit
HPRegen  0.32/turn              m - ring of protection from magic
MPRegen  0.21/turn              j - ring of protection from magic

@: no status effects
A: unchanging attributes, fangs 1, strong nose
a: Berserk, Trog's Hand, Brothers in Arms, Burn Spellbooks, Renounce Religion,
Evoke Berserk Rage


You were on level 3 of the Snake Pit.
You worshipped Trog.
Trog was exalted by your worship.
You were very hungry.

You visited 5 branches of the dungeon, and saw 27 of its levels.
You also visited: Labyrinth.

You collected 2782 gold pieces.
You spent 924 gold pieces at shops.

Inventory:

Hand Weapons
 a - the +10 great mace of Imminent Death (weapon) {freeze, +Rage Str-5 SInv Stlth+}
   (Trog gifted it to you on level 2 of the Orcish Mines)

   It has been specially enchanted to freeze those struck by it, causing extra
   injury to most foes and up to half again as much damage against particularly
   susceptible opponents.
   It can also slow down cold-blooded creatures.
   It affects your strength (-5).
   It lets you see invisible.
   It lets you go berserk.
   It makes you more stealthy.
 b - a +8 antimagic great mace
   (Trog gifted it to you on level 4 of the Lair of Beasts)
 B - a +0 blowgun
Missiles
 n - 8 poisoned javelins
 s - 24 tomahawks (quivered)
 w - 4 needles of sleeping
 S - 9 curare-tipped needles
 Y - 2 throwing nets
Armour
 g - a +0 pair of gloves of dexterity (worn)
   (You acquired it on level 1 of the Lair of Beasts)
 k - the +5 helmet "Jeuzacas" (worn) {Int+5}
   (You bought it in a shop on level 11 of the Dungeon)

   It affects your intelligence (+5).
 z - a +0 cloak (worn)
 W - a +0 pair of boots (worn)
 Z - +0 swamp dragon scales (worn)
Jewellery
 f - an uncursed ring of protection from fire
 j - a ring of protection from magic (right hand)
 m - a ring of protection from magic (left hand)
 p - an amulet of guardian spirit (around neck)
 C - an uncursed ring of protection from cold
 F - an uncursed ring of flight
 L - an uncursed amulet of faith {!P}
 M - a +1 ring of evasion
Wands
 D - a wand of paralysis (12/24)
 E - a wand of acid (2/15)
 I - a wand of iceblast (9/15)
 K - a wand of confusion (45/48)
Scrolls
 h - 14 scrolls of remove curse
 l - 8 scrolls of identify
 q - 7 scrolls of magic mapping {!r}
 t - a scroll of enchant weapon
 u - 15 scrolls of teleportation {!r}
 x - a scroll of blinking
 J - 5 scrolls of fog
 R - 4 scrolls of fear {!r}
 V - a scroll of summoning {!r}
Potions
 d - a potion of berserk rage
 i - 6 potions of heal wounds {!q}
 o - 3 potions of haste {!q}
 r - 4 potions of agility {!q}
 v - 2 potions of resistance {!q}
 y - 18 potions of curing
 Q - 3 potions of might {!q}
 T - 4 potions of cancellation {!q}
Books
 e - a book of Air
Miscellaneous
 G - a box of beasts
Comestibles
 c - 11 bread rations {!e}
 A - 2 meat rations {!e}
 H - 4 royal jellies


   Skills:
 + Level 13.0 Fighting
 - Level 20.9 Maces & Flails
 - Level 8.0 Throwing
 - Level 20.0 Armour
 - Level 16.0 Dodging
   Level 4.1 Shields
 + Level 14.9 Evocations


You had 16 spell levels left.
You didn't know any spells.

Dungeon Overview and Level Annotations

Branches:
Dungeon (15/15)            Temple (1/1) D:7            Lair (6/6) D:8
 Shoals (0/4) Lair:3        Snake (3/4) Lair:2        Slime (0/5) Lair:5
    Orc (2/2) D:11            Elf (0/3) Orc:2        Vaults (0/5) D:14
 Depths (0/5) D:15

Altars:
Ashenzari
Cheibriados
Dithmenos
Elyvilon
Fedhas
Gozag
Hepliaklqana
Kikubaaqudgha
Makhleb
Nemelex Xobeh
Okawaru
Qazlal
Ru
Sif Muna
Trog
Uskayaw
Vehumet
Wu Jian
Xom
Yredelemnul
Zin
The Shining One
Beogh
Jiyva

Shops:
D:6 [   D:7 *   D:11 ![   Orc:1 %   Orc:2 (*(!   Snake:3 *

Annotations:
D:10 vpUX: oklobs guarding loot, exclusion: 2 oklob plants
D:15 pUX...
Lair:2 vpUX: oklobs guarding loot, exclusion: 2 oklob plants
Snake:1 vpUX: loot behind wall needs dig


Innate Abilities, Weirdness & Mutations

Your physical attributes are unchanging.
You have very sharp teeth.
Your uncanny sense of smell can sniff out nearby items.


Message History

The bolt of electricity hits you! x2
* * * LOW HITPOINT WARNING * * *
The bolt of electricity hits the shock serpent.
The shock serpent completely resists.
Damage: 21 (max 21)
The shock serpent shoots out a bolt of lightning at you!
The bolt of electricity hits you!
* * * LOW HITPOINT WARNING * * *
Damage: 9 (max 21)
The shock serpent shoots out a bolt of lightning at you!
The bolt of electricity hits you!
* * * LOW HITPOINT WARNING * * *
The bolt of electricity misses you.
Damage: 15 (max 21)
The shock serpent bites you!
* * * LOW HITPOINT WARNING * * *
The shock serpent shocks you!
* * * LOW HITPOINT WARNING * * *
The shock serpent bites you but does no damage.
Damage: 14 (max 21)
You hit the shock serpent.
The shock serpent seems to slow down.
You freeze the shock serpent.
The shock serpent is lightly wounded.
You sock the shock serpent! You freeze the shock serpent.
The shock serpent is heavily wounded.
The shock serpent's electric aura discharges, shocking you!
* * * LOW HITPOINT WARNING * * *
The shock serpent bites you but does no damage.
Damage: 4 (max 21) Unknown command.
You bludgeon the shock serpent!! You freeze the shock serpent!
The shock serpent is almost dead.
The shock serpent's electric aura discharges, shocking you!
* * * LOW HITPOINT WARNING * * *
The shock serpent bites you but does no damage.
Damage: 3 (max 21) Unknown command.
You miss the shock serpent.
The shock serpent is almost dead.
The shock serpent is no longer moving slowly.
The shock serpent bites you!
* * * LOW HITPOINT WARNING * * *
The shock serpent shocks you!
* * * LOW HITPOINT WARNING * * *
Damage: 16 (max 21) Really quaff
i - 7 potions of heal wounds {!q}?
You feel much better.
The shock serpent shoots out a bolt of lightning at you!
The bolt of electricity hits you!
You die...

.......#......≈≈≈≈≈...#
.......#.####..≈≈≈#...#
............#.....#...#
.......###.##.....#...#
.......###........#...##
...........##.##'##....#
.####.###.....##)##....#
.# #.# #........S.#.#.#
.. #.# #.....##@#.#.#...
..# #.
#.....##.#.#.#.### .
#.#'#........# .#
#.#.#........# ..
#.#.#........# ..
#........# .. .....#.#.#
.....# (# ..
......#.#.###..#.##.# ..
.......#.<......#....#


You could see a shock serpent.

Vanquished Creatures
  Gastronok (Lair:2)
  A tengu reaver (D:15)
  Kirke (Lair:5)
  A storm dragon (D:15)
  A nagaraja (Snake:2)
  A frost giant (D:15)
  A minotaur (Lab)
  An ettin (D:15)
  3 yaktaur captains (D:15)
  A great orb of eyes (D:15)
  A rakshasa (D:13)
  10 hydras
  5 centaur warriors
  5 naga warriors
  The ghost of motkurips the Black Sun, a journeyman DsNe of Kikubaaqudgha (D:11)
  9 anacondas
  The ghost of KristoblXynda the Carver, a journeyman DrBe of Trog (D:11)
  3 catoblepae
  3 ogre magi (D:15)
  9 two-headed ogres
  6 naga sharpshooters (Snake:2)
  Urug (Lair:3)
  8 death yaks
  An orc high priest (Orc:1)
  3 shock serpents
  Sonja (Lair:2)
  A fire crab (D:15)
  8 skeletal warriors
  A sea snake (Snake:1)
  5 unseen horrors
  A deep elf archer (D:15)
  A naga ritualist (Snake:2)
  A wizard (D:14)
  2 orc knights (Orc:2)
  A wolf spider zombie (D:15)
  Pikel (D:7)
  An orc sorcerer (D:13)
  A deep elf mage (D:15)
  8 mana vipers
  4 manticores
  5 ugly things
  A necromancer (D:14)
  3 salamanders
  2 black mambas (shapeshifter) (D:15)
  7 cyclopes
  4 centaur zombies
  10 naga magi
  2 guardian serpents (Snake:1)
  21 black mambas
  7 gargoyles
  9 spiny frogs
  Joseph (D:7)
  An efreet (D:14)
  6 rime drakes
  16 komodo dragons
  5 yaktaurs (D:15)
  2 kobold demonologists
  A redback zombie (D:15)
  2 freezing wraiths (D:15)
  3 meliai (D:15)
  A meliai (shapeshifter) (D:15)
  8 trolls
  12 polar bears
  14 blink frogs
  Grinder (D:4)
  2 slime creatures (D:15)
  A raiju (shapeshifter) (D:15)
  2 raiju (Lair:6)
  10 dream sheep
  A hippogriff (shapeshifter) (D:13)
  6 hippogriffs
  A centaur simulacrum (D:15)
  4 shadows (D:15)
  56 yaks
  A vampire (D:14)
  4 wraiths
  7 wyverns
  3 hungry ghosts
  4 basilisks
  22 vampire mosquitoes
  A steam dragon (Lair:6)
  11 wargs
  Edmund (D:4)
  A soldier ant (shapeshifter) (D:15)
  An acid dragon (Lair:6)
  25 nagas
  16 water moccasins
  12 porcupines
  17 hell hounds
  28 orc warriors
  2 swamp drakes (Lair:6)
  Duvessa (D:7)
  2 ice beasts
  4 sky beasts
  2 eyes of draining
  13 black bears
  2 necrophages
  20 wolves
  A phantom (D:8)
  6 boggarts (D:15)
  35 centaurs
  6 ogres
  12 crocodiles
  6 big kobolds
  20 bullfrogs
  A gnoll sergeant (Orc:2)
  3 scorpions
  21 killer bees
  17 wights
  3 electric eels (Snake:1)
  9 crimson imps
  10 hounds
  3 jellies
  4 centaur skeletons
  10 orc priests
  23 orc wizards
  A bullfrog skeleton (D:13)
  Jessica (D:3)
  13 iguanas
  5 worker ants
  2 worker ant zombies
  A gnoll (D:1)
  11 adders
  10 shadow imps
  An ooze (D:3)
  4 adder skeletons
  2 worms (D:3)
  2 dart slugs
  5 leopard geckos
  68 orcs
  5 bats
  6 giant cockroaches
  9 goblins
  7 hobgoblins
  25 jackals
  7 quokkas
  A ball python skeleton (D:3)
  6 frilled lizards
  A jackal skeleton (D:3)
  33 kobolds
  A leopard gecko skeleton (D:3)
  A leopard gecko zombie (D:7)
  A quokka zombie (D:7)
  4 rats
965 creatures vanquished.

Vanquished Creatures (collateral kills)
  Saint Roka (Orc:2)
  Josephine (Lair:5)
  A fire dragon (Lair:6)
  2 hydras (Lair:2)
  A swamp dragon (Lair:6)
  A spiny frog (Lair:6)
  A komodo dragon (Lair:6)
  A queen bee (Lair:2)
  2 blink frogs (Lair:6)
  2 wraiths (Lair:5)
  A porcupine (Lair:2)
  2 orc warriors (Orc:2)
  4 wolves (Lair:6)
  7 killer bees (Lair:2)
  2 orcs (Orc:2)
29 creatures vanquished.

Vanquished Creatures (others)
  A naga ritualist (Snake:3)
  4 humans
  Dowan (D:7)
  25 fungi
  42 plants
73 creatures vanquished.

Grand Total: 1067 creatures vanquished

Notes
Turn   | Place    | Note
-------+----------+-------------------------------------------
     0 | D:1      | Gorice the Gnoll Berserker began the quest for the Orb.
     0 | D:1      | Reached XP level 1. HP: 19/19 MP: 1/1
   284 | D:1      | Reached XP level 2. HP: 25/25 MP: 2/2
   450 | D:1      | Reached skill level 5 in Maces & Flails
   450 | D:1      | Reached skill level 3 in Armour
   658 | D:1      | Reached XP level 3. HP: 20/30 MP: 3/3
  1183 | D:2      | Found a shimmering altar of Xom.
  1410 | D:2      | Found a blossoming altar of Fedhas.
  1522 | D:2      | HP: 9/30 [poisoned by an adder]
  1528 | D:2      | HP: 7/30 [poisoned by an adder]
  1535 | D:2      | HP: 6/30 [poisoned by an adder]
  1543 | D:2      | HP: 5/30 [poisoned by an adder]
  2026 | D:3      | Found a sparkling altar of Nemelex Xobeh.
  2070 | D:3      | Reached XP level 4. HP: 28/37 MP: 4/4
  2091 | D:3      | Reached ** piety under Trog
  2091 | D:3      | Reached skill level 6 in Maces & Flails
  2091 | D:3      | Reached skill level 4 in Armour
  2096 | D:3      | Reached XP level 5. HP: 22/42 MP: 5/5
  2978 | D:3      | HP: 11/42 [adder skeleton (3)]
  2993 | D:3      | Reached skill level 7 in Maces & Flails
  3011 | D:3      | HP: 12/42 [hobgoblin/club (4)]
  3290 | D:3      | Noticed Jessica
  3303 | D:3      | Killed Jessica
  3303 | D:3      | Reached XP level 6. HP: 43/48 MP: 6/6
  3691 | D:4      | Found a snail-covered altar of Cheibriados.
  3716 | D:4      | Reached skill level 5 in Armour
  3739 | D:4      | Noticed Grinder
  3756 | D:4      | HP: 12/48 [Grinder/nerve-wracking pain (12)]
  3765 | D:4      | Killed Grinder
  3765 | D:4      | Reached skill level 8 in Maces & Flails
  3765 | D:4      | Reached XP level 7. HP: 15/54 MP: 7/7
  3767 | D:4      | HP: 15/81 [adder (1)]
  4072 | D:4      | Reached skill level 9 in Maces & Flails
  4076 | D:4      | Reached skill level 6 in Armour
  4155 | D:4      | Found a glowing golden altar of the Shining One.
  4155 | D:4      | Noticed Edmund
  4175 | D:4      | Killed Edmund
  4175 | D:4      | Reached *** piety under Trog
  4367 | D:5      | Entered Level 5 of the Dungeon
  4589 | D:5      | Reached skill level 10 in Maces & Flails
  4738 | D:5      | Reached XP level 8. HP: 60/60 MP: 8/8
  4961 | D:5      | Reached skill level 7 in Armour
  5135 | D:5      | Reached skill level 11 in Maces & Flails
  5479 | D:5      | Found a bloodstained altar of Trog.
  5711 | D:5      | Upgraded the game from 0.21-a0-241-g2cbab09 to 0.21-a0-243-g597973d
  5745 | D:6      | Reached skill level 8 in Armour
  5828 | D:5      | HP: 15/60 [orc warrior/hand axe (13)]
  6109 | D:6      | Reached skill level 12 in Maces & Flails
  6157 | D:6      | Found Koxtitoc's Antique Armour Boutique.
  6166 | D:6      | Bought a pair of boots for 81 gold pieces
  6205 | D:6      | Reached XP level 9. HP: 66/66 MP: 9/9
  6302 | D:6      | Reached **** piety under Trog
  6315 | D:6      | Found a stormy altar of Qazlal.
  6461 | D:6      | Reached skill level 5 in Fighting
  6461 | D:6      | Reached skill level 9 in Armour
  6466 | D:6      | Found a burning altar of Makhleb.
  6832 | D:7      | Noticed Pikel
  6839 | D:7      | Killed Pikel
  6906 | D:7      | Reached skill level 6 in Fighting
  6958 | D:7      | Found Umnumom's General Store.
  6966 | D:7      | Bought a scroll of blinking for 112 gold pieces
  7009 | D:7      | Found a staircase to the Ecumenical Temple.
  7019 | Temple   | Entered the Ecumenical Temple
  7386 | D:7      | Noticed Joseph
  7405 | D:7      | Killed Joseph
  7405 | D:7      | Reached skill level 10 in Armour
  7444 | D:7      | Found a shattered altar of Ashenzari.
  7506 | D:7      | Reached skill level 13 in Maces & Flails
  7511 | D:7      | Reached skill level 7 in Fighting
  7547 | D:7      | Noticed Dowan
  7548 | D:7      | Noticed Duvessa
  7564 | D:7      | Killed Dowan
  7582 | D:7      | Killed Duvessa
  7695 | D:7      | Found a white marble altar of Elyvilon.
  7733 | D:7      | Noticed a two-headed ogre
  7744 | D:7      | Killed a two-headed ogre
  7744 | D:7      | Reached skill level 8 in Fighting
  7744 | D:7      | Reached XP level 10. HP: 80/80 MP: 10/10
  7866 | D:7      | Reached skill level 11 in Armour
  8283 | D:8      | Found a deep blue altar of Sif Muna.
  8450 | D:8      | HP: 35/123 [hell hound (9)]
  8459 | D:8      | HP: 36/123 [shadow imp (1)]
  8727 | D:8      | Found a staircase to the Lair.
  9224 | Lair:1   | Entered Level 1 of the Lair of Beasts
  9254 | Lair:1   | Reached skill level 9 in Fighting
  9334 | Lair:1   | Found a labyrinth entrance.
  9340 | Lab      | Entered a labyrinth
  9656 | Lab      | Noticed a minotaur
  9666 | Lab      | Killed a minotaur
  9666 | Lab      | Reached skill level 14 in Maces & Flails
  9671 | Lab      | Got an ancient triple sword {freeze}
  9672 | Lab      | Identified the +6 triple sword "Enyin" {freeze, +Rage rN+ Str+4 Dex-2} (You took it off a minotaur in a labyrinth)
  9916 | Lair:1   | Reached skill level 12 in Armour
 10030 | Lair:1   | Reached skill level 10 in Fighting
 10315 | Lair:1   | Reached XP level 11. HP: 85/90 MP: 11/11
 10419 | Lair:1   | Reached skill level 1 in Evocations
 10427 | Lair:1   | Reached skill level 2 in Evocations
 10715 | Lair:1   | Reached skill level 3 in Evocations
 10980 | Lair:2   | Noticed Gastronok
 11112 | Lair:1   | Reached skill level 4 in Evocations
 11180 | Lair:2   | Killed Gastronok
 11180 | Lair:2   | Reached skill level 11 in Fighting
 11180 | Lair:2   | Reached skill level 13 in Armour
 11180 | Lair:2   | Reached skill level 5 in Evocations
 11314 | Lair:2   | Noticed Sonja
 11321 | Lair:2   | Killed Sonja
 11448 | Lair:2   | Reached skill level 6 in Evocations
 11465 | Lair:2   | Found a staircase to the Snake Pit.
 11473 | Lair:2   | Noticed a six-headed hydra
 11478 | Lair:2   | HP: 24/93 [six-headed hydra (11)]
 11486 | Lair:2   | HP: 11/93 [spiny frog (13)]
 11517 | Lair:1   | HP: 13/93 [/a scroll of torment (11)]
 12483 | D:9      | Reached ***** piety under Trog
 12623 | D:9      | Reached skill level 7 in Evocations
 12919 | D:9      | Noticed a two-headed ogre
 12927 | D:9      | Killed a two-headed ogre
 12927 | D:9      | Reached skill level 12 in Fighting
 12927 | D:9      | Reached XP level 12. HP: 102/102 MP: 17/17
 13210 | D:9      | Reached skill level 14 in Armour
 13229 | D:10     | Entered Level 10 of the Dungeon
 13239 | D:9      | HP: 24/102 [troll (8)]
 13277 | D:9      | Noticed a two-headed ogre
 13541 | D:9      | Killed a two-headed ogre
 13541 | D:9      | Reached skill level 8 in Evocations
 13992 | D:10     | Noticed a two-headed ogre
 13997 | D:10     | Killed a two-headed ogre
 14080 | D:10     | HP: 39/154 [gargoyle/mace of protection (16)]
 14775 | D:8      | HP: 45/154 [wyvern (13)]
 15749 | D:8      | Reached skill level 9 in Evocations
 15766 | D:8      | HP: 46/154 [poisoned by a killer bee]
 15771 | D:8      | HP: 38/154 [poisoned by a killer bee]
 15776 | D:8      | HP: 35/154 [poisoned by a killer bee]
 15781 | D:8      | HP: 32/154 [poisoned by a killer bee]
 15786 | D:8      | HP: 17/103 [poisoned by a killer bee]
 15791 | D:8      | HP: 15/103 [poisoned by a killer bee]
 15798 | D:8      | HP: 15/103 [poisoned by a killer bee]
 15806 | D:8      | HP: 15/103 [poisoned by a killer bee]
 16213 | Lair:2   | Killed a six-headed hydra
 16253 | Lair:2   | Reached skill level 15 in Maces & Flails
 16995 | Lair:2   | Received a gift from Trog
 17005 | Lair:2   | Reached skill level 15 in Armour
 17129 | Lair:2   | HP: 30/103 [poisoned by a spiny frog]
 17135 | Lair:2   | HP: 30/103 [poisoned by a spiny frog]
 17143 | Lair:2   | HP: 30/103 [poisoned by a spiny frog]
 17491 | Lair:2   | Reached skill level 10 in Evocations
 17629 | Lair:2   | Noticed a six-headed hydra
 17637 | Lair:2   | Killed a six-headed hydra
 18764 | Lair:3   | Reached XP level 13. HP: 109/109 MP: 21/21
 18785 | Lair:3   | HP: 47/163 [blink frog (6)]
 18821 | Lair:3   | Found a staircase to the Shoals.
 18836 | Lair:3   | Found a basalt altar of Yredelemnul.
 19225 | Lair:3   | Reached skill level 11 in Evocations
 19280 | Lair:3   | Noticed Urug
 19294 | Lair:3   | Killed Urug
 19688 | Lair:3   | Reached skill level 16 in Maces & Flails
 19814 | Lair:3   | Reached skill level 16 in Armour
 20269 | Lair:3   | HP: 26/109 [iguana (10)]
 20274 | Lair:3   | HP: 15/109 [blink frog (7)]
 20359 | Lair:3   | Received a gift from Trog
 20938 | D:6      | Reached skill level 1 in Throwing
 21675 | Lair:3   | Reached skill level 1 in Shields
 21695 | Lair:3   | Reached skill level 12 in Evocations
 21726 | Lair:4   | Reached skill level 2 in Shields
 21803 | Lair:4   | Reached skill level 3 in Shields
 22156 | Lair:4   | Reached skill level 4 in Shields
 22343 | Lair:4   | Received a gift from Trog
 22348 | Lair:4   | Reached skill level 2 in Throwing
 22928 | Lair:4   | Reached skill level 3 in Throwing
 23409 | Lair:5   | Reached skill level 17 in Armour
 23419 | Lair:5   | Reached skill level 4 in Throwing
 24007 | Lair:5   | Reached skill level 5 in Throwing
 24165 | Lair:5   | Reached XP level 14. HP: 116/116 MP: 23/23
 24174 | Lair:5   | Reached skill level 6 in Throwing
 24388 | Lair:5   | Noticed Josephine
 24421 | Lair:5   | Killed Josephine
 24506 | Lair:5   | Noticed Kirke
 24529 | Lair:5   | Killed Kirke
 24529 | Lair:5   | Reached skill level 7 in Throwing
 24707 | Lair:5   | Found a staircase to the Slime Pits.
 24708 | Lair:5   | Found a viscous altar of Jiyva.
 25547 | Lair:4   | Reached skill level 8 in Throwing
 25624 | Lair:1   | Identified a scroll of acquirement
 25705 | Lair:6   | Entered Level 6 of the Lair of Beasts
 25725 | Lair:5   | Reached skill level 18 in Armour
 25765 | Lair:5   | Reached skill level 3 in Dodging
 26328 | Lair:6   | Reached skill level 4 in Dodging
 26630 | Lair:6   | Found a hide-covered altar of Uskayaw.
 27109 | Lair:6   | Reached skill level 5 in Dodging
 27251 | Lair:6   | Received a gift from Trog
 27735 | Lair:6   | Reached skill level 6 in Dodging
 27795 | Lair:6   | Received a gift from Trog
 27796 | Lair:6   | Found the +7 lajatang of Order {silver, rMut}
 28301 | Lair:6   | Reached skill level 7 in Dodging
 28345 | Lair:6   | Got a jewelled scale mail
 29111 | Lair:6   | Reached skill level 19 in Armour
 29461 | Lair:6   | Reached skill level 8 in Dodging
 29671 | Lair:5   | Identified the +1 scale mail of Gipekifa {*Corrode Slay+4} (You found it on level 6 of the Lair of Beasts)
 30539 | Lair:6   | Reached skill level 9 in Dodging
 30559 | Lair:6   | Reached XP level 15. HP: 77/122 MP: 16/24
 30828 | Lair:6   | Received a gift from Trog
 31126 | D:11     | Noticed motkurips's ghost (journeyman DsNe)
 31661 | D:11     | Noticed KristoblXynda's ghost (journeyman DrBe)
 31673 | D:11     | Killed KristoblXynda's ghost
 32001 | D:11     | Found Haluhefo's Antique Armour Shoppe.
 32017 | D:11     | Reached skill level 10 in Dodging
 32330 | D:11     | Killed motkurips's ghost
 32339 | D:11     | Found a staircase to the Orcish Mines.
 32366 | D:11     | Bought a jewelled helmet for 275 gold pieces
 32376 | D:11     | Identified the +5 helmet "Jeuzacas" {Int+5} (You bought it in a shop on level 11 of the Dungeon)
 32376 | D:11     | --nice, even if I can't use the int!
 32419 | D:11     | Found Qoax's Distillery.
 32585 | D:11     | Bought a potion of brilliance for 52 gold pieces
 33009 | Orc:1    | Entered Level 1 of the Orcish Mines
 33046 | Orc:1    | Found Galaudoq's Food Shop.
 33188 | Orc:2    | Entered Level 2 of the Orcish Mines
 33204 | Orc:1    | Received a gift from Trog
 33693 | Orc:2    | Received a gift from Trog
 33711 | Orc:2    | Got a slimy great mace {god gift}
 33751 | Orc:1    | Identified the +10 great mace of Imminent Death {freeze, +Rage Str-5 SInv Stlth+} (Trog gifted it to you on level 2 of the Orcish Mines)
 33752 | Orc:1    | --nice, especially as the Str penalty doesn't affect me!
 33991 | Orc:2    | Noticed Saint Roka
 34247 | Orc:1    | Found a roughly hewn altar of Beogh.
 34461 | Orc:2    | Reached skill level 20 in Armour
 34481 | Orc:2    | Reached skill level 11 in Dodging
 34694 | Orc:2    | Killed Saint Roka
 35406 | Orc:2    | Found a staircase to the Elven Halls.
 35584 | Orc:2    | Found Biylykau's Weapon Boutique.
 35584 | Orc:2    | Found Geosoenei's Assorted Antiques.
 35586 | Orc:2    | Found Gith's Antique Weapon Emporium.
 35588 | Orc:2    | Found Tarem's Distillery.
 35595 | Orc:2    | Bought a scroll of blinking for 142 gold pieces
 35595 | Orc:2    | Bought a scroll of identify for 38 gold pieces
 35763 | Orc:2    | Bought a potion of cancellation for 112 gold pieces
 35763 | Orc:2    | Bought a potion of mutation for 112 gold pieces
 36055 | D:12     | Got a brightly glowing flail
 36558 | D:12     | Reached skill level 12 in Dodging
 37026 | D:12     | Reached skill level 17 in Maces & Flails
 37387 | D:12     | Upgraded the game from 0.21-a0-243-g597973d to 0.21-a0-251-g5e8393f
 38254 | D:13     | Identified the Catalogue of Creative Arcane Weapons
 38432 | D:13     | Reached skill level 18 in Maces & Flails
 38938 | D:13     | Received a gift from Trog
 39673 | D:14     | Reached XP level 16. HP: 116/129 MP: 22/25
 39737 | D:14     | Found a gate to the Vaults.
 40141 | D:15     | Entered Level 15 of the Dungeon
 40369 | D:15     | Received a gift from Trog
 40369 | D:15     | Reached skill level 19 in Maces & Flails
 40519 | D:15     | Found a sparkling altar of Nemelex Xobeh.
 40520 | D:15     | Found a basalt altar of Yredelemnul.
 40526 | D:15     | Found a blossoming altar of Fedhas.
 40615 | D:15     | Received a gift from Trog
 41038 | D:15     | Found a staircase to the Depths.
 41137 | D:15     | Received a gift from Trog
 41643 | D:15     | Reached skill level 20 in Maces & Flails
 41914 | D:15     | Identified Huro's Handbook of Beguiling and Evil Rites
 42058 | D:15     | HP: 30/129 [frost giant/bolt of cold (15)]
 42063 | D:15     | HP: 22/129 [troll (5)]
 42870 | D:15     | HP: 32/129 [yaktaur captain/bolt (27)]
 42897 | D:15     | HP: 31/129 [vampire mosquito (1)]
 42908 | D:15     | HP: 33/129 [vampire mosquito (2)]
 42934 | D:15     | HP: 33/129 [vampire mosquito (3)]
 42944 | D:15     | HP: 34/129 [vampire mosquito (2)]
 42951 | D:15     | HP: 21/129 [yaktaur captain (14)]
 43370 | D:15     | Noticed a storm dragon
 43372 | D:15     | Received a gift from Trog
 43393 | D:15     | HP: 38/193 [storm dragon/bolt of lightning (24)]
 43394 | D:15     | Killed a storm dragon
 43797 | D:15     | Identified the cursed +1 ring mail "Jejaumaxuf" {rElec Str+3} (You found it on level 15 of the Dungeon)
 43883 | D:15     | Paralysed by a great orb of eyes for 7 turns
 43894 | D:15     | Reached skill level 13 in Dodging
 44042 | D:15     | Reached skill level 13 in Evocations
 44044 | D:15     | Noticed a tengu reaver
 44069 | D:15     | Killed a tengu reaver
 44069 | D:15     | Reached XP level 17. HP: 73/135 MP: 11/26
 44850 | Snake:1  | Entered Level 1 of the Snake Pit
 45183 | Snake:1  | Reached skill level 14 in Dodging
 45791 | Snake:1  | Reached ****** piety under Trog
 46035 | Snake:1  | Reached skill level 15 in Dodging
 46315 | Snake:1  | Received a gift from Trog
 46326 | Snake:1  | HP: 39/135 [poisoned by a black mamba]
 46331 | Snake:1  | HP: 33/135 [poisoned by a black mamba]
 46336 | Snake:1  | HP: 30/135 [poisoned by a black mamba]
 46341 | Snake:1  | HP: 27/135 [poisoned by a black mamba]
 46346 | Snake:1  | HP: 26/135 [poisoned by a black mamba]
 46351 | Snake:1  | HP: 25/135 [poisoned by a black mamba]
 46358 | Snake:1  | HP: 26/135 [poisoned by a black mamba]
 46366 | Snake:1  | HP: 26/135 [poisoned by a black mamba]
 47526 | Snake:2  | Reached skill level 14 in Evocations
 47533 | Snake:2  | Received a gift from Trog
 47565 | Snake:2  | Sergey: Isn't it useless to train dodging with 7 dex?
 47566 | Snake:2  | Gorice: not entirely, depends on the armour
 47898 | Snake:2  | Sergey: you trained so much and have only 15 ev
 47898 | Snake:2  | Gorice: better than having ~7 ev tho
 48314 | Snake:2  | Reached skill level 16 in Dodging
 48613 | Snake:3  | Received a gift from Trog
 49161 | Snake:3  | Reached skill level 13 in Fighting
 49223 | Snake:3  | Found Evvutimus's General Store.
 49258 | Snake:3  | HP: 38/136 [shock serpent (6)]
 49262 | Snake:3  | HP: 15/136 [shock serpent (8)]
 49262 | Snake:3  | HP: 6/136 [shock serpent (9)]
 49263 | Snake:3  | Killed from afar by a shock serpent

Vault maps used:
D:1:      minmay_arrival_radiant_lines, kennysheep_minor_cross,
          minmay_pentomino_s4
D:2:      xom_butterflies, lemuel_coloured_pillars_altar, minivault_14
D:3:      overflow_temple_1_default, serial_undead, serial_undead_e,
          serial_undead_e, serial_undead_c, serial_undead_a, uniq_jessica
D:4:      old_standard_altar, tso_metal_star, uniq_grinder, uniq_edmund
D:5:      first_bread, trog_book
D:6:      kennysheep_mini_moat, grunt_qazlal_clouds, serial_shops, shop,
          centaur_isle
D:7:      elyvilon_altar_5, minmay_temple_entry_trees, serial_shops,
          nicolae_shop_statue_plus, ashenzari_altar_1, uniq_pikel, uniq_duvessa,
          uniq_joseph
D:8:      old_standard_altar, minmay_lair_entry_lava
D:10:     blue_anna_alchemist, disabler_island
D:11:     minmay_orc_entry_guard_dogs, serial_shops,
          nicolae_shop_window_shopping, nicolae_shop_overgrown_old_shop
D:12:     nzn_motion_control, hangedman_glass_garden
D:13:     minmay_librarian
D:14:     david_vaults_1, corexii_corridor_pit
D:15:     hangedman_slaughterboxes, serial_shops
Temple:   nicolae_temple_figure_eight
Lair:1:   lab_entry_generic, beast_lair_carwin_4
Lair:2:   dummy_snake_entry, special_room, minmay_lair_oklob_chamber,
          uniq_sonja, uniq_gastronok
Lair:3:   beast_lair_carwin_large_1, minmay_shoals_entry_beasts, basic_altar,
          grunt_megastairs_4, uniq_urug
Lair:5:   slime_altar_1, nicolae_quartered_pool_super, beast_lair_carwin_10,
          uniq_kirke, uniq_josephine
Lair:6:   hangedman_lair_caniforms_friends, guppyfry_lair_end_dragon,
          basic_altar
Snake:1:  corexii_hall_statues_l, spider_trap, serial_bayou_ford_a,
          nrook_guardian_serpent_double
Snake:2:  grunt_megastairs_3
Snake:3:  serial_shops, nicolae_shop_waterfront, lemuel_oklob_altar
Orc:1:    serial_shops, shop, basic_altar
Orc:2:    st_orc_rangers, uniq_saint_roka
Lab:      nicolae_lab_arrow, labyrinth_skeletal_remains, nicolae_lab_t_cross

Skill      XL: |  1  2  3  4  5  6  7  8  9 10 11 12 13 14 15 16 17 |
---------------+----------------------------------------------------+-----
Maces & Flails | 5 6 7 8 10 12 13 14 15 16 18 20 | 20.9
Armour         | 3 4 5 6 8 10 12 13 15 17 19 20 | 20.0
Fighting       | 8 10 12 13 | 13.0
Evocations     | 7 10 12 13 14 | 14.9
Throwing       | 5 8 |  8.0
Shields        | 4 |  4.1
Dodging        | 9 12 13 16 | 16.0

Action                   |  1- 3 |  4- 6 |  7- 9 | 10-12 | 13-15 | 16-18 || total
-------------------------+-------+-------+-------+-------+-------+-------++-------
Melee: Mace              |   139 |       |       |       |       |       ||   139
       Bite              |     5 |     7 |    15 |    47 |   110 |    49 ||   233
       Flail             |    22 |   135 |   384 |   583 |       |       ||  1124
       Whip              |    20 |       |       |       |       |       ||    20
       Hunting sling     |       |    28 |       |       |       |       ||    28
       Morningstar       |       |       |       |   517 |  1834 |       ||  2351
       Great mace        |       |       |       |       |   394 |  1033 ||  1427
       Dire flail        |       |       |       |       |    93 |       ||    93
 Fire: Hunting sling     |       |   136 |     9 |    44 |       |       ||   189
Throw: Stone             |     3 |    16 |    30 |     2 |       |       ||    51
       Tomahawk          |       |       |       |    18 |    21 |       ||    39
       Javelin           |       |       |       |       |    17 |       ||    17
Invok: Berserk           |     1 |     3 |    12 |    21 |    14 |     2 ||    53
       Trog's Hand       |       |       |     1 |     1 |     1 |       ||     3
       Brothers in Arms  |       |       |       |     3 |     7 |       ||    10
       Burn Spellbooks   |       |       |       |       |     1 |       ||     1
 Abil: Evoke Flight      |       |       |       |       |     5 |       ||     5
Evoke: Wand              |       |       |     2 |     1 |     2 |       ||     5
  Use: Scroll            |     8 |     3 |     5 |    11 |    12 |     8 ||    47
       Potion            |       |       |       |     1 |       |     2 ||     3
 Stab: Paralysed         |       |       |       |     3 |       |       ||     3
       Confused          |       |       |       |       |     1 |       ||     1
       Sleeping          |       |       |       |       |     1 |       ||     1
       Distracted        |       |       |       |       |       |     1 ||     1
  Eat: Chunk             |     5 |     7 |    25 |    39 |    74 |    26 ||   176
       Royal jelly       |       |       |       |     3 |     6 |     4 ||    13
       Bread ration      |       |       |       |     1 |       |       ||     1
       Fruit             |       |       |       |    11 |       |       ||    11
Armor: Animal skin       |    18 |       |       |       |       |       ||    18
       Scale mail        |    81 |   207 |   204 |    98 |    19 |       ||   609
       Chain mail        |       |       |       |   308 |       |       ||   308
       Plate armour      |       |       |       |   382 |  1141 |       ||  1523
       Swamp dragon scal |       |       |       |       |   412 |   498 ||   910
Dodge: Dodged            |    85 |   141 |   141 |   193 |   785 |   574 ||  1919
Block: Buckler           |       |       |       |       |   231 |       ||   231

Table legend:
 A = Spawn XP
 B = Non-spawn XP
 C = Spawn XP percentage of total XP
 D = Spawn monster count
 E = Non-spawn monster count
 F = Spawn count percentage of total count
 G = Total turns spent on level
                    A         B        C        D         E        F      G
               +---------+---------+-------+---------+---------+-------+---------
         Total |   38041 |  192748 |  16.5 |     184 |     811 |  18.5 | 49263
               +---------+---------+-------+---------+---------+-------+---------
           D:1 |       6 |      37 |  14.0 |       4 |      14 |  22.2 |  1159
           D:2 |      17 |      16 |  51.5 |       3 |       8 |  27.3 |   935
           D:3 |      75 |     199 |  27.4 |       9 |      35 |  20.5 |  1936
           D:4 |       2 |     655 |   0.3 |       1 |      13 |   7.1 |   617
           D:5 |     300 |     803 |  27.2 |      12 |      22 |  35.3 |  1570
           D:6 |       0 |    1238 |   0.0 |       0 |      26 |   0.0 |  1141
           D:7 |     171 |    2724 |   5.9 |       4 |      21 |  16.0 |  1297
           D:8 |     933 |     926 |  50.2 |      17 |      14 |  54.8 |  2425
           D:9 |      93 |    4520 |   2.0 |       5 |      37 |  11.9 |  1733
          D:10 |    1267 |    3868 |  24.7 |       6 |      54 |  10.0 |  2581
          D:11 |     536 |    5504 |   8.9 |       1 |      28 |   3.4 |   866
          D:12 |    1055 |    4543 |  18.8 |       3 |      14 |  17.6 |  1579
          D:13 |    2627 |    9320 |  22.0 |       6 |      32 |  15.8 |  1743
          D:14 |     995 |    5027 |  16.5 |       3 |      22 |  12.0 |   786
          D:15 |    5019 |   46662 |   9.7 |      25 |      91 |  21.6 |  4225
        Lair:1 |     953 |    4249 |  18.3 |       5 |      17 |  22.7 |  2425
        Lair:2 |    2780 |    7632 |  26.7 |      13 |      36 |  26.5 |  2756
        Lair:3 |    3406 |    8165 |  29.4 |       7 |      32 |  17.9 |  2490
        Lair:4 |    3581 |    3704 |  49.2 |       8 |      15 |  34.8 |  1719
        Lair:5 |    1750 |   11949 |  12.8 |       8 |      37 |  17.8 |  2865
        Lair:6 |    3573 |   20830 |  14.6 |      17 |      98 |  14.8 |  4566
       Snake:1 |    4092 |   10852 |  27.4 |       7 |      21 |  25.0 |  1732
       Snake:2 |    4220 |   16532 |  20.3 |       8 |      36 |  18.2 |  1854
       Snake:3 |       0 |    9649 |   0.0 |       0 |      20 |   0.0 |   743
         Orc:1 |     283 |    2401 |  10.5 |       2 |       9 |  18.2 |   933
         Orc:2 |     307 |    9978 |   3.0 |      10 |      58 |  14.7 |  1857
           Lab |       0 |     765 |   0.0 |       0 |       1 |   0.0 |   524
               +---------+---------+-------+---------+---------+-------+---------

Table legend:
 A = Turns spent in this place as a percentage of turns spent in the entire game.
 B = Non-inter-level travel turns spent in this place as a percentage of non-inter-level travel turns spent in the entire game.
 C = Inter-level travel turns spent in this place as a percentage of turns spent in this place.
 D = Turns resting spent in this place as a percentage of non-inter-level travel turns spent in this place.
 E = Turns spent auto-exploring this place as a percentage of non-inter-level travel turns spent in this place.
 F = Non-inter-level travel turns spent in this place divided by the number of levels of this place that you've seen.
                   A       B       C       D       E      F
               +-------+-------+-------+-------+-------+----------------------
         Total | 100.0 | 100.0 |   7.1 |  40.2 |  24.5 | 1635.2
       Dungeon |  49.9 |  48.3 |  10.1 |  33.7 |  29.5 | 1473.5
        Temple |   0.4 |   0.4 |  12.1 |   0.0 |  98.9 | 181.0
          Lair |  34.1 |  35.1 |   4.5 |  46.5 |  20.0 | 2678.0
     Snake Pit |   8.8 |   9.3 |   2.1 |  54.6 |  16.0 | 1413.3
  Orcish Mines |   5.7 |   5.8 |   4.3 |  36.6 |  23.0 | 1334.5
     Labyrinth |   1.1 |   1.1 |   0.0 |  35.1 |   0.0 | 524.0
               +-------+-------+-------+-------+-------+----------------------

Vault maps used:
D:1:      minmay_arrival_radiant_lines, kennysheep_minor_cross,
          minmay_pentomino_s4
D:2:      xom_butterflies, lemuel_coloured_pillars_altar, minivault_14
D:3:      overflow_temple_1_default, serial_undead, serial_undead_e,
          serial_undead_e, serial_undead_c, serial_undead_a, uniq_jessica
D:4:      old_standard_altar, tso_metal_star, uniq_grinder, uniq_edmund
D:5:      first_bread, trog_book
D:6:      kennysheep_mini_moat, grunt_qazlal_clouds, serial_shops, shop,
          centaur_isle
D:7:      elyvilon_altar_5, minmay_temple_entry_trees, serial_shops,
          nicolae_shop_statue_plus, ashenzari_altar_1, uniq_pikel, uniq_duvessa,
          uniq_joseph
D:8:      old_standard_altar, minmay_lair_entry_lava
D:10:     blue_anna_alchemist, disabler_island
D:11:     minmay_orc_entry_guard_dogs, serial_shops,
          nicolae_shop_window_shopping, nicolae_shop_overgrown_old_shop
D:12:     nzn_motion_control, hangedman_glass_garden
D:13:     minmay_librarian
D:14:     david_vaults_1, corexii_corridor_pit
D:15:     hangedman_slaughterboxes, serial_shops
Temple:   nicolae_temple_figure_eight
Lair:1:   lab_entry_generic, beast_lair_carwin_4
Lair:2:   dummy_snake_entry, special_room, minmay_lair_oklob_chamber,
          uniq_sonja, uniq_gastronok
Lair:3:   beast_lair_carwin_large_1, minmay_shoals_entry_beasts, basic_altar,
          grunt_megastairs_4, uniq_urug
Lair:5:   slime_altar_1, nicolae_quartered_pool_super, beast_lair_carwin_10,
          uniq_kirke, uniq_josephine
Lair:6:   hangedman_lair_caniforms_friends, guppyfry_lair_end_dragon,
          basic_altar
Snake:1:  corexii_hall_statues_l, spider_trap, serial_bayou_ford_a,
          nrook_guardian_serpent_double
Snake:2:  grunt_megastairs_3
Snake:3:  serial_shops, nicolae_shop_waterfront, lemuel_oklob_altar
Orc:1:    serial_shops, shop, basic_altar
Orc:2:    st_orc_rangers, uniq_saint_roka
Lab:      nicolae_lab_arrow, labyrinth_skeletal_remains, nicolae_lab_t_cross
